Map: NeoHumanity LE

Players

Molten

  • Race: Protoss Protoss
  • Spawn Location: 11:00

Elazer - Winner!

  • Race: Zerg Zerg
  • Spawn Location: 5:00

Event: ESL SC2 Masters 2023 Summer (Finals)

VOD

Have the link to the VOD?

Description

Time

  • Played on: June 16, 2023, 9:25 a.m.
  • Length: 8:06

All games in this series

Show
View Real Time Build Order
Export as new Build Order

Molten Protoss 

Build Orders: 1 Gate Expand, Oracle Opening, Phoenix Opening, Zealot Archon 

Get SALT Encoding   

  12  0:00  Probe  
  13  0:12  Probe  
  14  0:19  Pylon  
  14  0:24  Probe (Chrono Boost)  
  15  0:38  Gateway  
  15  0:39  Probe (Chrono Boost)  
  16  0:44  Probe (Chrono Boost)  
  16  0:47  Assimilator  
  17  0:54  Probe  
  18  1:06  Probe  
  19  1:18  Probe  
  20  1:26  Nexus  
  20  1:34  Cybernetics Core  
  20  1:37  Probe  
  21  1:44  Assimilator  
  21  1:49  Pylon  
  21  1:53  Probe (Chrono Boost)  
  22  2:04  Probe (Chrono Boost)  
  23  2:09  Probe (Chrono Boost)  
  23  2:10  Adept (Chrono Boost)  
  26  2:16  Stargate  
  26  2:21  Probe  
  27  2:24  Warp Gate  
  26  2:33  Adept  
  29  2:37  Probe (Chrono Boost)  
  29  2:41  Probe (Chrono Boost)  
  30  2:47  Probe (Chrono Boost)  
  30  2:50  Probe (Chrono Boost)  
  32  2:52  Probe (Chrono Boost)  
  33  3:00  Probe  
  33  3:04  Probe  
  34  3:12  Probe (Chrono Boost)  
  34  3:21  Probe (Chrono Boost)  
  34  3:22  Oracle (Chrono Boost)  
  34  3:24  Probe (Chrono Boost)  
  38  3:29  Probe (Chrono Boost), Gateway  
  38  3:30  Probe (Chrono Boost), Pylon  
  40  3:38  Probe  
  40  3:40  Probe  
  42  3:49  Pylon  
  42  3:50  Probe  
  42  3:52  Phoenix (Chrono Boost)  
  45  4:02  Nexus  
  45  4:05  Pylon  
  45  4:08  Probe x2  
  47  4:17  Adept, Oracle (Chrono Boost)  
  47  4:20  Probe  
  47  4:21  Probe  
  54  4:24  Adept  
  54  4:29  Shield Battery  
  56  4:32  Probe  
  56  4:33  Probe  
  56  4:37  Robotics Facility  
  58  4:41  Assimilator  
  58  4:44  Probe (Chrono Boost)  
  59  4:46  Assimilator  
  59  4:49  Adept x2  
  59  4:51  Probe (Chrono Boost)  
  64  4:55  Probe (Chrono Boost)  
  64  4:59  Probe x2 (Chrono Boost)  
  66  5:04  Twilight Council  
  67  5:07  Forge  
  67  5:10  Probe x2  
  67  5:11  Pylon  
  69  5:19  Zealot x2  
  73  5:22  Probe  
  73  5:26  Observer (Chrono Boost)  
  73  5:28  Probe x2  
  77  5:33  Gateway  
  77  5:35  Gateway  
  77  5:36  Protoss Ground Weapons Level 1 (Chrono Boost)  
  77  5:37  Gateway  
  77  5:39  Gateway  
  77  5:41  Probe x2  
  79  5:45  Charge  
  79  5:53  Probe x3  
  79  5:54  Templar Archives  
  79  5:56  Assimilator  
  82  6:01  Assimilator  
  82  6:13  Zealot  
  82  6:14  Probe, Pylon, Zealot  
  82  6:15  Probe x2  
  82  6:17  Psionic Storm, Pylon  
  82  6:18  Pylon  
  89  6:27  Probe  
  90  6:33  Probe  
  90  6:34  Probe  
  90  6:38  Photon Cannon  
  92  6:41  High Templar x2, Pylon  
  92  6:42  Zealot x4  
  92  6:44  Photon Cannon  
  104  6:53  Archon  
  102  7:03  Immortal  
  102  7:06  High Templar x2, Zealot x2  
  114  7:09  Photon Cannon  
  114  7:11  Archon, Photon Cannon  
  114  7:18  Photon Cannon  
  112  7:23  Pylon, Zealot x2  
  114  7:30  Zealot  
  114  7:31  Zealot  
  108  7:42  Zealot x2  
  99  7:52  Probe x3  
  99  7:55  Gateway  
  99  7:57  Gateway  
  91  7:59  Photon Cannon  
  91  8:00  Zealot x2  
  91  8:02  Photon Cannon  
Show
View Real Time Build Order
Export as new Build Order

Elazer Zerg - Winner!

Build Orders: Hatch First 

Get SALT Encoding   

  12  0:00  Drone  
  13  0:08  Drone  
  14  0:32  Hatchery  
  13  0:36  Drone  
  14  0:43  Extractor, Drone  
  14  0:49  Overlord  
  15  1:03  Spawning Pool  
  14  1:08  Drone  
  14  1:10  Drone  
  16  1:23  Drone x2  
  18  1:30  Drone  
  19  1:42  Drone  
  20  1:50  Queen x2  
  20  1:51  Zergling x2  
  25  1:55  Overlord  
  25  1:59  Drone  
  26  2:03  Drone  
  26  2:05  Drone  
  28  2:14  Drone  
  29  2:17  Extractor, Drone  
  29  2:30  Drone x2  
  29  2:33  Queen  
  33  2:38  Drone  
  33  2:40  Overlord  
  33  2:43  Hatchery  
  33  2:46  Zergling x2  
  33  2:48  Drone  
  35  3:00  Drone x4  
  39  3:08  Drone x2  
  39  3:17  Drone  
  39  3:18  Queen  
  42  3:21  Overlord  
  42  3:27  Drone  
  43  3:32  Drone  
  43  3:33  Metabolic Boost  
  44  3:39  Overlord  
  44  3:40  Drone x3  
  47  3:43  Queen  
  47  3:45  Spore Crawler  
  47  3:47  Drone  
  49  3:50  Drone x3  
  49  3:54  Overlord  
  52  3:59  Drone x2, Queen  
  56  4:03  Drone x3  
  56  4:04  Drone  
  56  4:09  Drone x2  
  62  4:13  Drone  
  63  4:20  Drone x5  
  63  4:23  Queen  
  70  4:25  Overlord  
  70  4:29  Overlord  
  70  4:30  Drone x3  
  73  4:36  Evolution Chamber  
  72  4:42  Extractor  
  72  4:43  Extractor  
  72  4:44  Zergling x8  
  74  4:47  Hatchery  
  74  4:48  Zergling x8  
  77  4:55  Zergling x8  
  77  4:59  Overlord  
  81  5:00  Zergling x2  
  81  5:04  Zerg Melee Weapons Level 1  
  82  5:08  Overlord  
  82  5:13  Overlord  
  82  5:17  Overlord  
  82  5:20  Drone x8  
  90  5:23  Overlord  
  90  5:25  Lair  
  90  5:32  Drone x7  
  90  5:34  Roach Warren  
  96  5:38  Overlord  
  96  5:39  Unknown, Drone x2  
  97  5:43  Overlord  
  97  5:46  Drone x3  
  97  5:47  Zergling x4  
  102  5:55  Zergling x6  
  105  6:05  Zergling x10  
  105  6:06  Zergling x2  
  105  6:07  Overlord  
  111  6:19  Roach x8  
  111  6:23  Glial Reconstitution  
  127  6:33  Roach x8  
  127  6:36  Overlord  
  127  6:37  Overlord x3  
  142  6:44  Overlord  
  142  6:47  Hatchery  
  136  6:56  Drone x3  
  136  6:58  Drone x3  
  136  6:59  Drone x3  
  141  7:04  Roach x6  
  141  7:08  Ravager  
  154  7:17  Roach x9  
  154  7:18  Ravager  
  154  7:19  Ravager x2  
  174  7:28  Roach x5  
  175  7:39  Roach x4  
Tags
 
Add a new tag
Caveats
  • Supply blocks, unpowered buildings, or Contaminate may cause inaccurate times.
  • Supply counts are checked every 10 seconds.